 Dungeon Crawl Stone Soup version 0.24.0-37-gcf1ca852f1 (webtiles) character file.

Game seed: 9485443297201051405, levelgen mode: deterministic

2044 Descartes the Covert (level 9, -8/37 HPs)
             Began as a Felid Monk on Nov 24, 2019.
             Mangled by an orc warrior
             ... wielding a +0 battleaxe
              (26 damage)
             ... on level 7 of the Dungeon.
             The game lasted 00:15:23 (9330 turns).

Descartes the Covert (Felid Monk)                   Turns: 9330, Time: 00:15:24

Health: -8/37      AC:  2    Str: 12    XL:     9   Next: 4%
Magic:  10/10      EV: 26    Int: 11    God:
Gold:   336        SH:  5    Dex: 19    Spells: 2/8 levels left
                                        Lives:  0   Deaths: 2

rFire    x . .     SeeInvis +     - Unarmed
rCold    + . .     Gourm    .   (shield unavailable)
rNeg     . . .     Faith    .   (armour unavailable)
rPois    .         Spirit   .   (helmet unavailable)
rElec    .         Reflect  +   (cloak unavailable)
rCorr    .         Harm     .   (gloves unavailable)
MR       ++...                  (boots unavailable)
Stlth    +++++.....             v - +5 amulet of reflection
HPRegen  0.12/turn              p - ring of ice
MPRegen  0.12/turn              r - ring of wizardry

@: quick
A: very small, no armour, no weapons or thrown items, stealth, claws 1, fangs 3,
see invisible, carnivore, speed 1, magic resistance 1, shaggy fur 2, slow
metabolism 1, strong 1, sharp paws
a: no special abilities


You were on level 7 of the Dungeon.
You were very full.

You visited 2 branches of the dungeon, and saw 9 of its levels.

You collected 464 gold pieces.
You spent 128 gold pieces at shops.

Inventory:

Missiles
 c - 282 stones
 g - 147 arrows
Jewellery
 p - a ring of ice (left paw)
 r - a ring of wizardry (right paw)
 v - a +5 amulet of reflection (around neck)
Scrolls
 b - 2 scrolls of teleportation
 d - 3 scrolls of remove curse
 i - a scroll of amnesia
 l - a scroll of enchant armour {unknown}
 m - a scroll of immolation {unknown}
 n - a scroll of enchant weapon {unknown}
 o - a scroll of identify {unknown}
 q - a scroll of blinking {unknown}
 s - a scroll of magic mapping {unknown}
 x - a scroll of fog {unknown}
Potions
 e - 2 potions of mutation
 f - 2 potions of lignification {unknown}
 h - a potion of cancellation {unknown}
 j - 4 potions of agility
 k - 3 potions of curing
 t - a potion of resistance
 u - a potion of flight {unknown}
 w - a potion of invisibility
Comestibles
 a - 11 rations


   Skills:
 - Level 3.0 Fighting
 + Level 9.1 Dodging
 + Level 9.7 Stealth
 * Level 8.7 Unarmed Combat
 - Level 4.2 Hexes


You had 2 spell levels left.
You knew the following spells:

 Your Spells              Type           Power        Failure   Level  Hunger
a - Confusing Touch       Hex            #.....       2%          1    ##.....
b - Metabolic Englaciati  Hex/Ice        #.........   82%         5    ######.

Your spell library contained the following spells:

 Spells                   Type           Power        Failure   Level  Hunger
 Freeze                   Ice            #...         14%         1    ##.....
 Throw Frost              Conj/Ice       #.....       21%         2    ###....
 Confuse                  Hex            #.......     8%          3    ####...
 Gell's Gravitas          Tloc           #.........   38%         3    ####...
 Ozocubu's Armour         Chrm/Ice       #.......     38%         3    ####...
 Petrify                  Tmut/Erth      #.......     77%         4    #####..
 Summon Ice Beast         Ice/Summ       #.......     77%         4    #####..
 Throw Icicle             Conj/Ice       #.......     77%         4    #####..
 Yara's Violent Unravell  Hex/Tmut       #.........   82%         5    ######.


Dungeon Overview and Level Annotations

Branches:
Dungeon (8/15)             Temple (1/1) D:5
   Lair: D:8-11

Altars:
Ashenzari
Cheibriados
Dithmenos
Elyvilon
Fedhas
Gozag
Hepliaklqana
Kikubaaqudgha
Makhleb
Nemelex Xobeh
Okawaru
Qazlal
Sif Muna
Trog
Uskayaw
Vehumet
Wu Jian
Xom
Yredelemnul
Zin
The Shining One

Shops:
D:5 *   D:8 !

Annotations:
D:4 3 runed translucent doors, kalagan's ghost, amateur GrEE
D:7 2 runed translucent doors, exclusion: orange crystal statue


Innate Abilities, Weirdness & Mutations

You cannot wear armour.
You are incapable of wielding weapons or throwing items.
Your paws allow you to move quietly. (Stealth)
You have sharp claws.
You have razor-sharp teeth.
You have supernaturally acute eyesight. (SInv)
You are carnivorous and can eat meat at any time.
You cover ground quickly.
You are covered in thick fur. (AC +2)
You have a slow metabolism.
Your sharp claws are effective at attacking unaware monsters.
You are resistant to hostile enchantments. (MR+)
Your muscles are strong. (Str +2)


Message History

The orc warrior closely misses you.
You scratch the orc warrior but do no damage.
The orc warrior is lightly wounded.
You claw the orc warrior!
The orc warrior is moderately wounded.
The orc warrior barely misses you.
You claw the orc warrior!
The orc warrior is severely wounded.
You block the orc warrior's attack.
You scratch the orc warrior. Your bite misses the orc warrior.
The orc warrior is severely wounded.
You barely miss the orc warrior.
The orc warrior is severely wounded.
The orc warrior barely misses you.
You scratch the orc warrior.
You bite the orc warrior, but do no damage.
The orc warrior is almost dead.
The orc warrior hits you with a +0 battleaxe!!
Ouch! That really hurt!
You die...

########
####......#######
#...............#
#
#####....<....###
## ##..@..####
.## #.o#### ..##
#.## ...# ##.#
..## ##..## ###
######....##### #
#.......o.....#
#............##
####
##..........##
#..#


You could see an orc warrior.

Vanquished Creatures
  A hippogriff (D:7)
  A shadow (D:7)
  An ice beast (D:7)
  3 black bears (D:7)
  A phantom (D:6)
  An ogre (D:4)
  A necrophage (D:7)
  3 centaurs
  4 bullfrogs
  3 jellies
  3 scorpions
  2 howler monkeys (D:5)
  4 crimson imps
  A hound (D:5)
  2 orc priests
  3 orc wizards
  7 worker ants
  A hound zombie (D:5)
  A hound skeleton (D:6)
  A gnoll (D:1)
  7 adders
  3 oozes
  An adder skeleton (D:7)
  A worm (D:2)
  3 dart slugs
  11 orcs
  7 ball pythons
  3 giant cockroaches
  10 goblins
  10 hobgoblins
  3 jackals
  9 kobolds
  A quokka (D:7)
  7 bats
  2 frilled lizards
  9 rats
131 creatures vanquished.

Vanquished Creatures (others)
  A kobold (D:2)
1 creature vanquished.

Grand Total: 132 creatures vanquished

Notes
Turn   | Place    | Note
-------+----------+-------------------------------------------
     0 | D:1      | Descartes the Felid Monk began the quest for the Orb.
     0 | D:1      | Reached XP level 1. HP: 10/10 MP: 2/2
   182 | D:1      | Reached XP level 2. HP: 11/14 MP: 3/3
   642 | D:1      | Reached XP level 3. HP: 17/17 MP: 4/4
  1170 | D:2      | Reached skill level 5 in Stealth
  1170 | D:2      | Reached XP level 4. HP: 21/21 MP: 5/5
  1210 | D:2      | Found a faded altar of an unknown god.
  1270 | D:2      | Found a radiant altar of Vehumet.
  2510 | D:3      | Found a shimmering altar of Xom.
  2511 | D:3      | Found a shimmering altar of Xom.
  2511 | D:3      | Found a shimmering altar of Xom.
  2611 | D:3      | Reached XP level 5. HP: 24/24 MP: 6/6
  2959 | D:4      | Reached skill level 5 in Dodging
  2994 | D:4      | Found a runed translucent gate.
  2994 | D:4      | Found a runed translucent gate.
  2997 | D:4      | Found a runed translucent gate.
  2998 | D:4      | Noticed kalagan's ghost (amateur GrEE)
  3143 | D:4      | Learned a level 1 spell: Confusing Touch
  3161 | D:4      | Slain by an orc wizard
  3162 | D:4      | Reached XP level 4. HP: -1/21 MP: 5/5
  3175 | D:4      | Reached XP level 5. HP: 18/24 MP: 6/6
  3579 | D:5      | Entered Level 5 of the Dungeon
  3579 | D:5      | Found a bloodstained altar of Trog.
  3610 | D:5      | Found Halalic's Assorted Antiques.
  3630 | D:5      | Reached skill level 5 in Unarmed Combat
  3781 | D:5      | Bought a fizzy inky potion for 25 gold pieces
  3781 | D:5      | Bought a fizzy orange potion for 25 gold pieces
  3781 | D:5      | Bought 2 fuming silvery potions for 50 gold pieces
  3781 | D:5      | Bought a scroll labeled RYZUGA JAP for 28 gold pieces
  3855 | D:5      | Gained mutation: You are covered in thick fur. (AC +2)
                  | [Felid growth]
  3855 | D:5      | Reached XP level 6. HP: 6/28 MP: 7/7
  4413 | D:4      | HP: 1/28 [poisoned by a worker ant]
  4414 | D:4      | Gained mutation: You are resistant to hostile enchantments.
                  | (MR+) [potion of mutation]
  4414 | D:4      | Gained mutation: Your muscles are strong. (Str +2) [potion
                  | of mutation]
  4660 | D:5      | Reached XP level 7. HP: 28/31 MP: 8/8
  4955 | D:5      | Found a staircase to the Ecumenical Temple.
  5056 | Temple   | Entered the Ecumenical Temple
  5477 | D:6      | Reached skill level 1 in Hexes
  5708 | D:6      | Slain by a centaur
  5709 | D:6      | Reached XP level 6. HP: -5/28 MP: 7/7
  5846 | D:6      | Reached XP level 7. HP: 27/31 MP: 8/8
  5886 | D:6      | Learned a level 5 spell: Metabolic Englaciation
  7092 | D:7      | Found a runed translucent door.
  7095 | D:7      | Found the +10 large shield of Ignorance {rN+ Int-4}
  7149 | D:7      | Reached XP level 8. HP: 31/34 MP: 9/9
  8198 | D:7      | Noticed a hippogriff
  8206 | D:7      | Killed a hippogriff
  8274 | D:7      | Found a runed translucent door.
  8313 | D:7      | Noticed an orange crystal statue
  8769 | D:8      | Found a shimmering blue altar of Sif Muna.
  9005 | D:8      | Found Gezuenom's Distillery.
  9006 | D:8      | Reached XP level 9. HP: 37/37 MP: 10/10
  9330 | D:7      | Mangled by an orc warrior

Levels and vault maps discovered:
D:1:      dpeg_arrival_oval, layout_basic
D:2:      layout_loops_ring, fiery_altar_vehumet,
          chequers_ecumenical_altar_simple_redux
D:3:      kb_forest_paths, layout_basic, serial_curves, eino_curves_01,
          eino_curves_02, xom_redecorated
D:4:      layout_basic, first_ration, ebering_ghost_rock_garden
D:5:      layout_basic, overflow_temple_1_default, lemuel_temple_firewalk_a,
          serial_shops, nicolae_shop_statue_plus, kennysheep_generic_room_3
D:6:      layout_basic, minmay_misc_feat_more_columns
D:7:      wander_river, layout_cave_pods, chequers_guarded_unrand_ignorance
D:8:      layout_rooms, marbit_many_paths, overflow_temple_1_default,
          special_room [special_room_orc], serial_shops, shop, grunt_ogre_cave,
          st_stairs_10, minmay_misc_feat_secret_circle, uniq_maurice,
          uniq_psyche
Temple:   regret_index_temple_mists

Skill      XL: |  1  2  3  4  5  6  7  8 |
---------------+-------------------------+-----
Stealth        | 3 4 5 6 7 8 9 |  9.7
Unarmed Combat | 5 7 8 |  8.7
Dodging        | 6 7 9 |  9.1
Hexes          | 2 4 |  4.2
Fighting       | |  3.0

Action                   |  1- 3 |  4- 6 |  7- 9 || total
-------------------------+-------+-------+-------++-------
Melee: Unarmed           |    45 |   248 |   202 ||   495
       Punch             |     1 |     4 |     7 ||    12
       Bite              |     1 |    24 |    30 ||    55
  Use: Scroll            |     1 |     2 |       ||     3
       Potion            |       |     3 |       ||     3
 Stab: Sleeping          |     9 |    20 |    13 ||    42
       Distracted        |       |     1 |       ||     1
  Eat: Chunk             |     8 |    11 |    13 ||    32
Armor: Skin              |     3 |     5 |     3 ||    11
Dodge: Dodged            |    22 |   189 |   125 ||   336
Block: Other             |       |       |    30 ||    30
